 Dungeon Crawl Stone Soup version 0.27.1-1-g398f81649c (webtiles) character file.

Game seed: 2830380122595037218

9 Autumnman the Skirmisher (level 2, 19/19 HPs)
             Began as a Gargoyle Berserker on Sept 10, 2021.
             Was a Follower of Trog.
             Quit the game on level 1 of the Dungeon.
             The game lasted 00:01:43 (519 turns).

Autumnman the Skirmisher (Gargoyle Berserker)        Turns: 519, Time: 00:01:43

Health: 19/19      AC:  5    Str: 20    XL:     2   Next: 16%
Magic:  2/2        EV: 12    Int:  7    God:    Trog [*.....]
Gold:   9          SH:  0    Dex:  9    Spells: 1/1 levels left

rFire    . . .     SeeInvis .   a - +0 hand axe
rCold    . . .     Faith    .   (no shield)
rNeg     + . .     Spirit   .   b - +0 animal skin
rPois    ∞         Reflect  .   (no helmet)
rElec    +         Harm     .   (no cloak)
rCorr    .         Rampage  .   (no gloves)
Will     .....                  (no boots)
Stlth    +.........             (no amulet)
HPRegen  0.06/turn              (no ring)
MPRegen  0.08/turn              (no ring)

@: no status effects
A: sickness immunity, AC +2, negative energy resistance 1, electricity
resistance, torment resistance 1, petrification resistance
a: Renounce Religion, Berserk


You were on level 1 of the Dungeon.
You worshipped Trog.
Trog was aware of your devotion.
You visited 1 branch of the dungeon, and saw 1 of its levels.

You collected 9 gold pieces.

Inventory:

Hand Weapons
 a - a +0 hand axe (weapon)
Armour
 b - a +0 animal skin (worn)
Scrolls
 d - a scroll of identify {unknown}
 e - a scroll of magic mapping {unknown}
Potions
 c - 2 potions of curing {unknown}


   Skills:
 + Level 3.5 Fighting
 + Level 3.0 Axes
 + Level 2.2 Armour
 + Level 1.7 Dodging


You had one spell level left.
You didn't know any spells.
Your spell library was empty.

Dungeon Overview and Level Annotations

Branches:
Dungeon (1/15)

Altars:


Innate Abilities, Weirdness & Mutations

You are immune to sickness and miasma.
Your stone body is resilient. (AC +2)
You are immune to poison.
You resist negative energy. (rN+)
You are resistant to electric shocks. (rElec)
You are resistant to unholy torment.
You are immune to petrification.


Message History

The quokka bites you but does no damage.
You slash the quokka!
You kill the quokka!
Trog accepts your kill.
Things that are here:
a quokka corpse; a hobgoblin corpse You feel a strong urge to attack something.
You are no longer berserk.
You are exhausted.
You feel yourself slow down.
You now have 9 gold pieces.
Unknown command.
You feel yourself speed up.
You recover from your berserk rage.
You open the door.
There is an open door here.
There is an open door here.
There is an open door here.
A bat comes into view.
A bat is nearby!
The bat closely misses you.
You barely miss the bat. The bat hits you. x2
Found a scroll labelled SISACU LUYW.
The bat barely misses you. The bat hits you but does no damage.
You closely miss the bat. The bat completely misses you.
The bat hits you but does no damage. The bat hits you but does no damage.
The bat barely misses you. The bat misses you.
You closely miss the bat. The bat closely misses you.
The bat barely misses you.
You slash the bat!
You kill the bat!
Trog accepts your kill.
Your Axes skill increases to level 3!
e - a scroll labelled SISACU LUYW Saving game... please wait.
Welcome back, Autumnman the Gargoyle Berserker.
Trog says: Kill them all!
Press ? for a list of commands and other information.
Are you sure you want to abandon this character and quit the game? (Confirm with "yes".)

......†..... #....##
....#####...#
#.....###.... #....
+........... #....
#.....#...# #....
#.....#...##+######...
#.....#...........#...
..#......###........#...
.......@...#............
...........#............
.............#+#........
.............# #...##...
.............#+#........
........................
........................
#.....................#+
###+####.............#+


There were no monsters in sight!

Vanquished Creatures
  2 ball pythons (D:1)
  A bat (D:1)
  2 giant cockroaches (D:1)
  A hobgoblin (D:1)
  A quokka (D:1)
  A rat (D:1)
8 creatures vanquished.

Notes
Turn   | Place    | Note
-------+----------+-------------------------------------------
     0 | D:1      | Autumnman the Gargoyle Berserker began the quest for the
                  | Orb.
     0 | D:1      | Reached XP level 1. HP: 14/14 MP: 1/1
   361 | D:1      | Reached XP level 2. HP: 19/19 MP: 2/2
   519 | D:1      | Quit the game

Illustrated notes

Levels and vault maps discovered:
D:1:      dpeg_arrival_houses_and_road, layout_basic

Skill      XL: |  1  2 |
---------------+-------+-----
Axes           | 3 |  3.0
Fighting       | |  3.5
Armour         | |  2.2
Dodging        | |  1.7

Action                   || total
-------------------------++-------
Melee: Hand axe          ||    35
Invok: Berserk           ||     1
Armor: Animal skin       ||    10
Dodge: Dodged            ||    24
